 Dungeon Crawl Stone Soup version 0.20.1-1-g8b1a95d (webtiles) character file.

161 Monsterracer the Cutter (level 5, -2/32 HPs)
             Began as a Kobold Assassin on July 4, 2017.
             Slain by a gnoll shaman
             ... wielding a +0 whip
              (5 damage)
             ... on level 3 of the Dungeon.
             The game lasted 00:09:01 (3150 turns).

Monsterracer the Cutter (Kobold Assassin)           Turns: 3150, Time: 00:09:01

Health: -2/32      AC:  7    Str:  9      XL:     5   Next: 70%
Magic:  5/5        EV: 15    Int: 12      God:
Gold:   136        SH:  0    Dex: 15 (17) Spells: 4/4 levels left

rFire    . . .     SeeInvis .   a - +2 dagger
rCold    + . .     Gourm    .   (shield restricted)
rNeg     . . .     Faith    .   c - +0 robe
rPois    .         Spirit   .   m - +2 helmet
rElec    .         Reflect  .   d - +1 cloak
rCorr    .         Harm     .   (no gloves)
MR       .....                  (no boots)
Stlth    ++........             (no amulet)
Regen    0.1/turn               h - ring of protection from cold
MPRegen  0.1/turn               (no ring)

@: glowing
A: carnivore 3
a: no special abilities


You were on level 3 of the Dungeon.
You were completely stuffed.

You visited 1 branch of the dungeon, and saw 4 of its levels.

You collected 136 gold pieces.

Inventory:

Hand Weapons
 a - a +2 dagger (weapon)
 b - a +1 blowgun
Missiles
 e - 6 poisoned needles
Armour
 c - a +0 robe (worn)
 d - a +1 cloak (worn)
 m - a +2 helmet (worn)
Jewellery
 h - a ring of protection from cold (left hand)
Wands
 o - a wand of lightning (5/15)
Scrolls
 j - 5 scrolls of remove curse
 n - 5 scrolls of identify
 t - a scroll of blinking
Comestibles
 g - 4 meat rations
 i - 2 chunks of flesh
 k - a royal jelly


   Skills:
 + Level 3.1 Fighting
 * Level 5.7 Short Blades
 + Level 2.7 Throwing
 + Level 2.2 Dodging
 + Level 5.5 Stealth


You had 4 spell levels left.
You didn't know any spells.

Dungeon Overview and Level Annotations

Branches:
Dungeon (4/15)
 Temple: D:4-7

Altars:
Cheibriados
Hepliaklqana
Xom
Yredelemnul
Zin


Innate Abilities, Weirdness & Mutations

You are small and have problems with some larger weapons.
You are carnivorous and can eat meat at any time.


Message History

The gnoll shaman is heavily wounded.
The gnoll shaman misses you.
You closely miss the gnoll shaman.
The gnoll shaman is heavily wounded.
The gnoll shaman misses you.
You hit the gnoll shaman but do no damage.
The gnoll shaman is heavily wounded.
The gnoll shaman hits you with a whip!
* * * LOW HITPOINT WARNING * * *
Huge Dmg: -25%(-8hp) hp: 10%(3hp)
You closely miss the gnoll shaman.
The gnoll shaman is heavily wounded.
You hit the gnoll shaman.
The gnoll shaman is severely wounded.
The gnoll shaman closely misses you.
You aren't carrying any potions.
You hit the gnoll shaman.
The gnoll shaman is almost dead.
The gnoll shaman hits you with a whip.
You die...

.## #.# #########........# #.##
## #.# #........# #..# ######.#
########## ##.# .......# #######
#.. ...##### #.....# ## ### #..
.....# #.....####_###_## #..
.....#####.....##8...8...8## #.#
......†..#....o##)........#####..
...)..^^.#....o#@.........8#.####
.)...^_^.#....o##g........##.####
...#..^.......o##8...8...8 #.....
...#...........####_###_## #)....
...###).#......### ## #####.....
...#(..##........# #.........
...#.####........# #.........
.....# #####'#### #.........
.....# #.(...# #.........


You could see a gnoll shaman, an orc wizard and 3 orcs.

Vanquished Creatures
  2 worker ants
  2 gnolls (D:3)
  2 adders
  3 worms
  2 leopard geckos
  An orc (D:3)
  4 giant cockroaches
  8 goblins
  4 hobgoblins
  8 jackals (D:1)
  2 quokkas
  15 bats
  4 frilled lizards
  2 kobolds
  10 rats
69 creatures vanquished.

Notes
Turn   | Place    | Note
-------+----------+-------------------------------------------
     0 | D:1      | Monsterracer the Kobold Assassin began the quest for the Orb.
     0 | D:1      | Reached XP level 1. HP: 12/12 MP: 1/1
   128 | D:1      | Reached XP level 2. HP: 15/17 MP: 2/2
   516 | D:1      | Reached XP level 3. HP: 21/21 MP: 3/3
  1570 | D:2      | Reached XP level 4. HP: 27/27 MP: 4/4
  2067 | D:3      | Reached skill level 5 in Short Blades
  2213 | D:3      | Found a snail-covered altar of Cheibriados.
  2286 | D:3      | Found a shimmering altar of Xom.
  2292 | D:3      | Found a glowing silver altar of Zin.
  2294 | D:3      | Found a basalt altar of Yredelemnul.
  2566 | D:3      | Reached XP level 5. HP: 32/32 MP: 5/5
  2938 | D:3      | Found a hazy altar of Hepliaklqana.
  3150 | D:3      | Slain by a gnoll shaman

Skill      XL: |  1  2  3  4  5 |
---------------+----------------+-----
Short Blades   | 3 4 5 |  5.7
Dodging        | 2 |  2.2
Fighting       | 3 |  3.1
Throwing       | |  2.7
Stealth        | |  5.5

Action                   |  1- 3 |  4- 6 || total
-------------------------+-------+-------++-------
Melee: Dagger            |    98 |   114 ||   212
 Fire: Blowgun           |     8 |     8 ||    16
  Use: Potion            |     6 |     2 ||     8
       Scroll            |       |    10 ||    10
 Stab: Sleeping          |    16 |     9 ||    25
  Eat: Chunk             |     9 |     6 ||    15
Armor: Robe              |    22 |    21 ||    43
Dodge: Dodged            |    86 |    58 ||   144
